Map: Ruins of Endion

Players

blackxored - Winner!

  • Race: Zerg Zerg
  • League: Diamond

Enzuru

  • Race: Zerg Zerg
  • League: Platinum

VOD

Have the link to the VOD?

Description

Time

  • Played on: July 1, 2016, 10:31 p.m.
  • Length: 3:40
Show
View Real Time Build Order
Export as new Build Order

blackxored Zerg - Winner!

Build Orders: Pool First 

Get SALT Encoding   

  12  0:01  Drone  
  13  0:08  Drone  
  14  0:19  Extractor, Drone  
  14  0:34  Spawning Pool  
  13  0:37  Drone  
  14  0:43  Extractor, Drone  
  15  0:53  Overlord  
  15  1:12  Drone x3  
  18  1:21  Queen  
  20  1:28  Metabolic Boost  
  20  1:33  Drone  
  20  1:36  Drone  
  22  1:45  Overlord  
  22  2:03  Zergling x2  
  23  2:10  Zergling x2  
  24  2:18  Hatchery  
  24  2:21  Baneling Nest  
  24  2:22  Zergling x2  
  23  2:30  Zergling x4  
  23  2:31  Zergling x4  
  27  2:41  Overlord  
  27  3:13  Baneling  
  27  3:14  Baneling  
  27  3:15  Zergling x8  
  31  3:22  Zergling x2  
Show
View Real Time Build Order
Export as new Build Order

Enzuru Zerg 

Build Orders: Hatch First 

Get SALT Encoding   

  12  0:01  Drone  
  13  0:13  Overlord  
  13  0:19  Drone  
  14  0:31  Drone x2  
  14  0:35  Drone  
  17  0:54  Hatchery  
  16  0:57  Drone  
  16  0:59  Drone  
  18  1:07  Drone  
  18  1:09  Extractor  
  18  1:17  Overlord  
  18  1:39  Spawning Pool, Drone  
  18  1:54  Drone  
  18  1:57  Drone  
  18  2:01  Hatchery  
  19  2:07  Drone  
  20  2:10  Drone  
  21  2:15  Drone  
  21  2:20  Drone  
  23  2:25  Drone  
  23  2:29  Roach Warren  
  23  2:31  Drone  
  23  2:36  Overlord  
  24  2:47  Queen  
  25  2:59  Zergling x2  
  25  3:01  Zergling x4  
  25  3:06  Zergling x2  
  25  3:09  Zergling x2  
  18  3:22  Zergling x2  
Tags
 
Add a new tag
Caveats
  • Supply blocks, unpowered buildings, or Contaminate may cause inaccurate times.
  • Supply counts are checked every 10 seconds.